[ PARTIDA AOE2 · #479855565 ]
Team RMPortugueses vs Britons
Equipo del jugador · VICT
[ ANÁLISIS DE REPETICIÓN · EXTRAÍDO DE LA PARTIDA GRABADA ]
Feudal
15:54
Castillos
—
Imperial
—
| APM promedio | 18.0 |
| APM pico | 71 |
| eAPM promedio | 10.5 |
| Aldeanos / militares | 34 / 36 |
Foco
⚔️ 21.2% · 🌾 78.8%
Militia ×36
Feudal
9:06
Castillos
20:54
Imperial
—
| APM promedio | 17.2 |
| APM pico | 50 |
| eAPM promedio | 7.0 |
| Aldeanos / militares | 61 / 2 |
Foco
⚔️ 12.5% · 🌾 87.5%
Spearman ×2
Feudal
—
Castillos
—
Imperial
—
| APM promedio | 0.1 |
| APM pico | 2 |
| eAPM promedio | 0.1 |
| Aldeanos / militares | 0 / 0 |
Feudal
9:13
Castillos
14:21
Imperial
—
| APM promedio | 22.7 |
| APM pico | 75 |
| eAPM promedio | 10.9 |
| Aldeanos / militares | 53 / 16 |
Foco
⚔️ 22.2% · 🌾 77.8%
Steppe Lancer ×15 · Scout Cavalry ×1
Feudal
—
Castillos
—
Imperial
—
| APM promedio | 6.5 |
| APM pico | 60 |
| eAPM promedio | 2.0 |
| Aldeanos / militares | 25 / 0 |
Foco
⚔️ 7.5% · 🌾 92.5%
Feudal
12:12
Castillos
28:40
Imperial
—
| APM promedio | 33.1 |
| APM pico | 85 |
| eAPM promedio | 14.0 |
| Aldeanos / militares | 42 / 0 |
Foco
⚔️ 5.6% · 🌾 94.4%
Feudal
—
Castillos
—
Imperial
—
| APM promedio | 3.6 |
| APM pico | 48 |
| eAPM promedio | 1.9 |
| Aldeanos / militares | 12 / 0 |
Foco
⚔️ 0.0% · 🌾 100.0%
Feudal
12:51
Castillos
25:14
Imperial
—
| APM promedio | 22.9 |
| APM pico | 57 |
| eAPM promedio | 12.0 |
| Aldeanos / militares | 65 / 23 |
Foco
⚔️ 27.2% · 🌾 72.8%
Scout Cavalry ×17 · Knight ×6
Mapa de la partida
Recursos iniciales + cada clic de construcción. Líneas = muros · curvas = relieve. ◆ oro · ⬟ piedra · ● bayas · ✦ reliquia · ◌ hueco del cierre
Tu base· ✓ Cerrada en 12:00 · 26t muro · 2 puerta(s)
Base de Arsenaltvs· Abierta — el rival se encerró
Base de twitch.tv/madzeragaming· Abierta — el rival se encerró
Base de Joy&SalvationInChrist· ✓ Cerrada en 14:21 · 0t muro · sin puerta
Base de 头铁· Abierta — el rival se encerró
Base de KOMMEPCAHT· ✓ Cerrada en 28:40 · 0t muro · sin puerta
Base de yzdddd· Abierta — el rival se encerró
Base de Sniper_Wolf· ✓ Cerrada en 25:14 · 0t muro · sin puerta
Terreno inicial suavizado · ◌ = hueco del cierre detectado · pasá el cursor para detalles
Inputs por minuto
— Blyad _Mann - - Arsenaltvs
Build order — Blyad _Mann
141 acciones detectadas en el replay
| 0:03 | Crear | Villager (Male) |
| 0:03 | Crear | Villager (Male) |
| 0:04 | Crear | Villager (Male) |
| 0:04 | Crear | Villager (Male) |
| 0:07 | Construir | House |
| 0:08 | Construir | House |
| 1:45 | Crear | Villager (Male) |
| 2:24 | Crear | Villager (Male) |
| 2:26 | Crear | Villager (Male) |
| 3:24 | Crear | Villager (Male) |
| 3:24 | Crear | Villager (Male) |
| 3:53 | Construir | House |
| 3:55 | Construir | House |
| 3:56 | Construir | House |
| 4:03 | Construir | House |
| 4:04 | Construir | House |
| 4:06 | Construir | House |
| 4:08 | Crear | Villager (Male) |
| 4:09 | Crear | Villager (Male) |
| 4:40 | Investigar | Loom |
| 4:55 | Crear | Villager (Male) |
| 4:55 | Crear | Villager (Male) |
| 5:45 | Construir | Palisade Wall |
| 5:57 | Crear | Villager (Male) |
| 5:57 | Crear | Villager (Male) |
| 6:36 | Crear | Villager (Male) |
| 6:36 | Crear | Villager (Male) |
| 6:46 | Construir | Lumber Camp |
| 7:07 | Construir | Palisade Gate |
| 7:10 | Construir | Palisade Gate |
| 7:28 | Crear | Villager (Male) |
| 8:09 | Construir | Mill |
| 8:12 | Crear | Villager (Male) |
| 8:12 | Crear | Villager (Male) |
| 8:38 | Crear | Villager (Male) |
| 9:39 | Construir | Barracks |
| 9:39 | Construir | Barracks |
| 9:43 | Construir | Barracks |
| 9:44 | Construir | Barracks |
| 9:45 | Construir | Barracks |
| 9:46 | Construir | Barracks |
| 9:46 | Construir | Barracks |
| 9:46 | Construir | Barracks |
| 9:46 | Construir | Barracks |
| 9:47 | Construir | Barracks |
| 9:48 | Construir | Barracks |
| 9:48 | Construir | Barracks |
| 9:48 | Construir | Barracks |
| 9:49 | Construir | Barracks |
| 9:51 | Construir | Barracks |
| 10:20 | Construir | Mining Camp |
| 10:26 | Crear | Villager (Male) |
| 10:26 | Crear | Villager (Male) |
| 11:06 | Construir | Barracks |
| 11:09 | Crear | Villager (Male) |
| 11:09 | Crear | Villager (Male) |
| 13:16 | Crear | Villager (Male) |
| 13:28 | Construir | Barracks |
| 13:44 | Investigar | Feudal Age |
| 14:15 | Crear | Militia |
| 14:21 | Construir | Lumber Camp |
| 14:33 | Construir | Farm |
| 14:34 | Construir | Farm |
| 14:34 | Construir | Farm |
| 14:34 | Construir | Farm |
| 14:34 | Construir | Farm |
| 14:34 | Construir | Farm |
| 14:35 | Construir | Farm |
| 14:35 | Construir | Farm |
| 14:35 | Construir | Farm |
| 14:37 | Construir | Farm |
| 14:59 | Crear | Militia ×2 |
| 15:30 | Crear | Militia |
| 15:33 | Crear | Militia |
| 15:54 | Edad | Edad Feudal |
| 15:58 | Construir | Blacksmith |
| 16:08 | Investigar | Man-at-Arms (upgrade) |
| 16:17 | Crear | Villager (Male) |
| 16:23 | Crear | Villager (Male) |
| 16:32 | Crear | Militia |
| 16:37 | Crear | Militia |
| 16:56 | Crear | Villager (Male) |
| 17:19 | Construir | House |
| 17:19 | Construir | House |
| 17:28 | Crear | Militia ×4 |
| 17:46 | Crear | Villager (Male) |
| 17:56 | Construir | Farm |
| 17:57 | Construir | Farm |
| 17:58 | Construir | Farm |
| 17:59 | Construir | Farm |
| 17:59 | Construir | Farm |
| 18:00 | Construir | Farm |
| 18:08 | Crear | Villager (Male) |
| 18:12 | Crear | Militia |
| 18:29 | Investigar | Arson |
| 18:39 | Crear | Militia |
| 18:45 | Crear | Militia |
| 19:00 | Crear | Militia |
| 19:10 | Crear | Militia |
| 19:20 | Crear | Militia |
| 19:32 | Investigar | Scale Mail Armor |
| 19:42 | Construir | House |
| 19:43 | Construir | House |
| 19:45 | Construir | House |
| 19:45 | Construir | House |
| 19:47 | Construir | Farm |
| 19:48 | Construir | Farm |
| 19:48 | Construir | Farm |
| 19:48 | Construir | Farm |
| 19:48 | Construir | Farm |
| 19:48 | Construir | Farm |
| 19:51 | Crear | Villager (Male) |
| 20:08 | Crear | Villager (Male) |
| 20:27 | Crear | Militia ×2 |
| 21:39 | Crear | Militia ×5 |
| 21:41 | Crear | Militia ×2 |
| 22:34 | Crear | Militia ×5 |
| 22:40 | Construir | Outpost |
| 22:41 | Construir | Outpost |
| 22:42 | Construir | Outpost |
| 22:43 | Construir | Outpost |
| 22:44 | Construir | Outpost |
| 22:44 | Construir | Outpost |
| 22:45 | Construir | Outpost |
| 22:47 | Construir | Outpost |
| 22:48 | Construir | Outpost |
| 22:49 | Construir | Outpost |
| 22:50 | Construir | Outpost |
| 22:51 | Construir | Outpost |
| 22:52 | Construir | Outpost |
| 22:52 | Construir | Outpost |
| 22:53 | Construir | Outpost |
| 22:54 | Construir | Outpost |
| 22:55 | Construir | Outpost |
| 22:56 | Construir | Outpost |
| 22:57 | Construir | Outpost |
| 23:03 | Investigar | Town Watch |
| 23:05 | Investigar | Double-Bit Axe |
| 23:11 | Crear | Villager (Male) |
| 23:58 | Crear | Militia ×5 |
| 24:29 | Investigar | Forging |
Build order — Arsenaltvs
60 acciones detectadas en el replay
| 0:03 | Crear | Villager (Male) ×4 |
| 0:03 | Crear | Villager (Male) ×4 |
| 0:07 | Construir | House |
| 0:10 | Construir | House |
| 1:39 | Crear | Villager (Male) |
| 1:39 | Crear | Villager (Male) |
| 1:40 | Crear | Villager (Male) |
| 2:13 | Crear | Villager (Male) |
| 2:13 | Crear | Villager (Male) |
| 2:24 | Crear | Villager (Male) |
| 2:25 | Crear | Villager (Male) |
| 3:00 | Crear | Villager (Male) ×2 |
| 3:00 | Crear | Villager (Male) ×2 |
| 3:38 | Crear | Villager (Male) |
| 3:38 | Crear | Villager (Male) |
| 3:49 | Construir | House |
| 3:59 | Construir | House |
| 5:11 | Construir | Lumber Camp |
| 5:15 | Crear | Villager (Male) ×5 |
| 5:15 | Crear | Villager (Male) ×5 |
| 5:15 | Crear | Villager (Male) ×5 |
| 6:56 | Investigar | Feudal Age |
| 7:04 | Construir | Farm |
| 8:33 | Construir | Mill |
| 9:04 | Construir | Mining Camp |
| 9:06 | Edad | Edad Feudal |
| 9:11 | Crear | Villager (Male) ×2 |
| 9:11 | Crear | Villager (Male) ×2 |
| 9:35 | Construir | Barracks |
| 9:39 | Investigar | Loom |
| 10:15 | Crear | Villager (Male) ×2 |
| 10:41 | Construir | House |
| 10:50 | Crear | Spearman |
| 11:07 | Construir | Farm |
| 11:08 | Construir | Farm |
| 11:11 | Crear | Spearman |
| 11:17 | Construir | Farm |
| 11:26 | Construir | Farm |
| 11:35 | Construir | Market |
| 12:29 | Construir | Blacksmith |
| 12:35 | Crear | Villager (Male) ×3 |
| 13:18 | Construir | Mill |
| 13:31 | Construir | Farm |
| 13:33 | Investigar | Horse Collar |
| 13:54 | Construir | Mining Camp |
| 15:01 | Construir | Farm |
| 16:01 | Crear | Villager (Male) |
| 16:09 | Construir | House |
| 16:53 | Construir | Lumber Camp |
| 17:39 | Construir | House |
| 18:14 | Investigar | Castle Age |
| 19:27 | Investigar | Stone Mining |
| 20:54 | Edad | Edad de los Castillos |
| 21:06 | Construir | Mining Camp |
| 22:43 | Construir | Town Center |
| 24:18 | Construir | Castle |
| 24:25 | Crear | Villager (Male) ×5 |
| 24:25 | Crear | Villager (Male) ×5 |
| 24:26 | Crear | Villager (Male) ×5 |
| 25:02 | Construir | House |
Build order — twitch.tv/madzeragaming
0 acciones detectadas en el replay
Build order — Joy&SalvationInChrist
135 acciones detectadas en el replay
| 0:01 | Crear | Villager (Male) |
| 0:01 | Crear | Villager (Male) |
| 0:01 | Crear | Villager (Male) |
| 0:02 | Crear | Villager (Male) |
| 0:03 | Construir | House |
| 0:04 | Construir | House |
| 1:44 | Crear | Villager (Male) |
| 2:21 | Crear | Villager (Male) |
| 2:21 | Crear | Villager (Male) |
| 2:53 | Crear | Villager (Male) |
| 2:56 | Construir | Lumber Camp |
| 2:57 | Crear | Villager (Male) |
| 2:58 | Crear | Villager (Male) |
| 3:11 | Crear | Villager (Male) |
| 3:23 | Crear | Villager (Male) |
| 4:09 | Construir | House |
| 4:18 | Crear | Villager (Male) |
| 4:18 | Crear | Villager (Male) |
| 4:29 | Crear | Villager (Male) |
| 4:29 | Crear | Villager (Male) |
| 4:33 | Crear | Villager (Male) |
| 5:08 | Crear | Villager (Male) |
| 5:10 | Crear | Villager (Male) |
| 5:20 | Construir | Mining Camp |
| 5:54 | Crear | Villager (Male) |
| 6:27 | Crear | Villager (Male) |
| 6:46 | Construir | Mill |
| 7:03 | Investigar | Feudal Age |
| 7:56 | Construir | Mill |
| 9:00 | Crear | Villager (Male) |
| 9:13 | Edad | Edad Feudal |
| 9:17 | Crear | Villager (Male) |
| 9:32 | Construir | House |
| 9:33 | Investigar | Wheelbarrow |
| 9:37 | Investigar | Loom |
| 9:39 | Crear | Villager (Male) |
| 10:01 | Crear | Villager (Male) |
| 10:17 | Construir | Market |
| 10:26 | Crear | Villager (Male) |
| 10:58 | Construir | Blacksmith |
| 11:07 | Crear | Villager (Male) |
| 11:41 | Investigar | Castle Age |
| 11:53 | Construir | Lumber Camp |
| 12:19 | Construir | House |
| 13:33 | Crear | Villager (Male) |
| 14:21 | Edad | Edad de los Castillos |
| 14:30 | Crear | Villager (Male) |
| 14:47 | Construir | Town Center |
| 14:49 | Crear | Villager (Male) |
| 15:11 | Crear | Villager (Male) |
| 15:31 | Construir | Town Center |
| 15:32 | Crear | Villager (Male) |
| 15:59 | Construir | Barracks |
| 16:03 | Crear | Villager (Male) |
| 16:07 | Crear | Villager (Male) |
| 16:15 | Construir | Farm |
| 16:15 | Construir | Farm |
| 16:15 | Construir | Farm |
| 16:15 | Construir | Farm |
| 16:16 | Construir | Farm |
| 16:20 | Construir | Farm |
| 16:20 | Construir | Farm |
| 16:29 | Crear | Villager (Male) |
| 16:29 | Crear | Villager (Male) |
| 16:50 | Construir | Stable |
| 16:52 | Crear | Villager (Male) |
| 17:25 | Construir | Farm |
| 17:27 | Investigar | Double-Bit Axe |
| 17:46 | Construir | Farm |
| 17:46 | Construir | Farm |
| 17:46 | Construir | Farm |
| 17:55 | Crear | Villager (Male) |
| 18:08 | Crear | Villager (Male) |
| 18:16 | Construir | Farm |
| 18:16 | Construir | Farm |
| 18:17 | Construir | Farm |
| 18:17 | Construir | Farm |
| 18:25 | Crear | Villager (Male) |
| 18:36 | Crear | Steppe Lancer |
| 18:44 | Construir | House |
| 18:52 | Construir | House |
| 18:53 | Construir | House |
| 18:54 | Construir | House |
| 18:54 | Construir | House |
| 19:08 | Crear | Steppe Lancer |
| 19:13 | Crear | Villager (Male) |
| 19:27 | Crear | Steppe Lancer |
| 19:40 | Construir | Stable |
| 19:41 | Crear | Villager (Male) |
| 19:54 | Crear | Villager (Male) |
| 20:00 | Construir | Farm |
| 20:00 | Construir | Farm |
| 20:01 | Construir | Farm |
| 20:01 | Construir | Farm |
| 20:01 | Construir | Farm |
| 20:01 | Construir | Farm |
| 20:09 | Crear | Villager (Male) |
| 20:22 | Construir | Farm |
| 20:22 | Construir | Farm |
| 20:23 | Construir | Farm |
| 20:23 | Construir | Farm |
| 20:23 | Construir | Farm |
| 20:29 | Crear | Steppe Lancer |
| 20:45 | Crear | Villager (Male) |
| 20:50 | Construir | Farm |
| 20:51 | Crear | Villager (Male) |
| 21:11 | Crear | Villager (Male) |
| 21:14 | Crear | Villager (Male) |
| 21:14 | Crear | Villager (Male) |
| 21:22 | Crear | Villager (Male) |
| 21:58 | Investigar | Husbandry |
| 21:59 | Crear | Steppe Lancer |
| 21:59 | Crear | Steppe Lancer |
| 22:06 | Construir | Farm |
| 22:06 | Construir | Farm |
| 22:07 | Construir | Farm |
| 22:11 | Crear | Steppe Lancer |
| 22:26 | Crear | Steppe Lancer |
| 22:43 | Crear | Steppe Lancer |
| 22:43 | Crear | Steppe Lancer |
| 22:53 | Construir | Farm |
| 22:54 | Construir | Farm |
| 22:54 | Construir | Farm |
| 22:54 | Construir | Farm |
| 22:54 | Construir | Farm |
| 23:03 | Crear | Steppe Lancer |
| 23:14 | Crear | Villager (Male) |
| 23:16 | Crear | Scout Cavalry |
| 23:30 | Crear | Steppe Lancer |
| 23:39 | Crear | Villager (Male) |
| 23:40 | Crear | Villager (Male) |
| 23:55 | Crear | Steppe Lancer |
| 24:09 | Crear | Steppe Lancer |
| 24:13 | Construir | House |
| 24:20 | Crear | Steppe Lancer |
Build order — 头铁
31 acciones detectadas en el replay
| 0:03 | Investigar | Loom |
| 0:05 | Crear | Villager (Male) |
| 0:05 | Crear | Villager (Male) |
| 0:05 | Crear | Villager (Male) |
| 0:06 | Crear | Villager (Male) |
| 0:06 | Crear | Villager (Male) |
| 0:10 | Construir | House |
| 0:11 | Construir | House |
| 0:15 | Construir | House |
| 1:57 | Crear | Villager (Male) |
| 1:57 | Crear | Villager (Male) |
| 2:27 | Crear | Villager (Male) |
| 2:27 | Crear | Villager (Male) |
| 2:28 | Crear | Villager (Male) |
| 2:37 | Construir | Lumber Camp |
| 3:03 | Crear | Villager (Male) |
| 3:03 | Crear | Villager (Male) |
| 3:20 | Crear | Villager (Male) |
| 3:21 | Crear | Villager (Male) |
| 4:43 | Crear | Villager (Male) |
| 4:43 | Crear | Villager (Male) |
| 4:43 | Crear | Villager (Male) |
| 4:44 | Crear | Villager (Male) |
| 4:54 | Crear | Villager (Male) |
| 4:56 | Crear | Villager (Male) |
| 4:56 | Crear | Villager (Male) |
| 5:20 | Crear | Villager (Male) |
| 5:20 | Crear | Villager (Male) |
| 5:21 | Crear | Villager (Male) |
| 5:29 | Construir | House |
| 5:34 | Crear | Villager (Male) |
Build order — KOMMEPCAHT
79 acciones detectadas en el replay
| 0:01 | Crear | Villager (Male) |
| 0:02 | Crear | Villager (Male) |
| 0:02 | Crear | Villager (Male) |
| 0:04 | Construir | House |
| 0:05 | Construir | House |
| 0:22 | Crear | Villager (Male) |
| 1:31 | Crear | Villager (Male) |
| 1:31 | Crear | Villager (Male) |
| 2:00 | Construir | Lumber Camp |
| 2:03 | Crear | Villager (Male) |
| 2:31 | Crear | Villager (Male) |
| 2:57 | Crear | Villager (Male) |
| 3:06 | Crear | Villager (Male) |
| 3:10 | Construir | House |
| 3:11 | Construir | House |
| 3:47 | Crear | Villager (Male) |
| 3:47 | Crear | Villager (Male) |
| 4:07 | Construir | House |
| 4:40 | Crear | Villager (Male) |
| 4:40 | Crear | Villager (Male) |
| 4:41 | Crear | Villager (Male) |
| 5:32 | Crear | Villager (Male) |
| 5:32 | Crear | Villager (Male) |
| 5:33 | Investigar | Loom |
| 5:33 | Crear | Villager (Male) |
| 6:12 | Crear | Villager (Male) |
| 6:13 | Crear | Villager (Male) |
| 6:13 | Crear | Villager (Male) |
| 6:26 | Crear | Villager (Male) |
| 6:26 | Crear | Villager (Male) |
| 6:26 | Crear | Villager (Male) |
| 6:57 | Crear | Villager (Male) |
| 6:58 | Crear | Villager (Male) |
| 7:27 | Construir | Mill |
| 7:27 | Crear | Villager (Male) |
| 7:28 | Crear | Villager (Male) |
| 7:52 | Crear | Villager (Male) |
| 9:38 | Investigar | Feudal Age |
| 10:26 | Construir | Mining Camp |
| 11:29 | Crear | Villager (Male) |
| 11:29 | Crear | Villager (Male) |
| 11:41 | Construir | Mining Camp |
| 12:12 | Edad | Edad Feudal |
| 12:23 | Construir | Market |
| 12:27 | Construir | Blacksmith |
| 13:16 | Construir | Watch Tower |
| 13:44 | Construir | Watch Tower |
| 14:24 | Construir | Watch Tower |
| 14:30 | Crear | Villager (Male) |
| 14:31 | Crear | Villager (Male) |
| 14:36 | Construir | House |
| 14:37 | Construir | House |
| 15:36 | Construir | Watch Tower |
| 16:01 | Construir | Watch Tower |
| 16:37 | Construir | Watch Tower |
| 16:44 | Construir | Mill |
| 17:52 | Construir | Watch Tower |
| 18:40 | Crear | Villager (Male) |
| 18:41 | Crear | Villager (Male) |
| 18:41 | Crear | Villager (Male) |
| 19:24 | Construir | Watch Tower |
| 19:33 | Construir | Watch Tower |
| 20:08 | Construir | Watch Tower |
| 20:38 | Construir | Watch Tower |
| 21:17 | Construir | Watch Tower |
| 22:11 | Crear | Villager (Male) |
| 22:19 | Construir | Mining Camp |
| 22:29 | Crear | Villager (Male) |
| 23:12 | Construir | Town Center |
| 23:53 | Crear | Villager (Male) |
| 23:54 | Crear | Villager (Male) |
| 24:17 | Construir | Mill |
| 26:00 | Investigar | Castle Age |
| 26:52 | Crear | Villager (Male) |
| 26:52 | Crear | Villager (Male) |
| 28:40 | Edad | Edad de los Castillos |
| 28:49 | Construir | Town Center |
| 29:13 | Construir | Castle |
| 29:16 | Construir | Mining Camp |
Build order — yzdddd
15 acciones detectadas en el replay
| 0:05 | Crear | Villager (Male) |
| 0:05 | Crear | Villager (Male) |
| 0:05 | Crear | Villager (Male) |
| 0:05 | Crear | Villager (Male) |
| 0:06 | Construir | House |
| 0:09 | Construir | House |
| 1:24 | Crear | Villager (Male) |
| 1:24 | Crear | Villager (Male) |
| 2:04 | Crear | Villager (Male) |
| 2:05 | Crear | Villager (Male) |
| 2:20 | Crear | Villager (Male) |
| 2:55 | Crear | Villager (Male) |
| 3:11 | Construir | Lumber Camp |
| 3:13 | Crear | Villager (Male) |
| 3:13 | Crear | Villager (Male) |
Build order — Sniper_Wolf
150 acciones detectadas en el replay
| 0:03 | Crear | Villager (Male) |
| 0:04 | Crear | Villager (Male) |
| 0:04 | Crear | Villager (Male) |
| 0:05 | Crear | Villager (Male) |
| 0:08 | Construir | House |
| 0:09 | Construir | House |
| 1:32 | Crear | Villager (Male) |
| 2:11 | Crear | Villager (Male) |
| 2:11 | Crear | Villager (Male) |
| 2:26 | Crear | Villager (Male) |
| 2:27 | Crear | Villager (Male) |
| 3:12 | Crear | Villager (Male) |
| 3:12 | Crear | Villager (Male) |
| 3:13 | Crear | Villager (Male) |
| 3:52 | Crear | Villager (Male) |
| 3:52 | Crear | Villager (Male) |
| 3:52 | Crear | Villager (Male) |
| 4:13 | Construir | House |
| 4:53 | Crear | Villager (Male) |
| 4:53 | Crear | Villager (Male) |
| 5:01 | Construir | House |
| 5:05 | Construir | Mill |
| 5:17 | Crear | Villager (Male) |
| 5:17 | Crear | Villager (Male) |
| 5:24 | Construir | House |
| 5:46 | Crear | Villager (Male) |
| 5:46 | Crear | Villager (Male) |
| 5:48 | Crear | Villager (Male) |
| 5:48 | Crear | Villager (Male) |
| 5:58 | Construir | House |
| 6:36 | Crear | Villager (Male) |
| 6:36 | Crear | Villager (Male) |
| 6:36 | Crear | Villager (Male) |
| 6:36 | Crear | Villager (Male) |
| 7:02 | Crear | Villager (Male) |
| 7:02 | Crear | Villager (Male) |
| 7:18 | Construir | Lumber Camp |
| 7:48 | Investigar | Loom |
| 8:19 | Crear | Villager (Male) |
| 8:20 | Crear | Villager (Male) |
| 8:20 | Crear | Villager (Male) |
| 8:20 | Crear | Villager (Male) |
| 8:20 | Crear | Villager (Male) |
| 8:21 | Crear | Villager (Male) |
| 8:21 | Crear | Villager (Male) |
| 8:21 | Crear | Villager (Male) |
| 8:36 | Crear | Villager (Male) |
| 8:37 | Crear | Villager (Male) |
| 8:37 | Crear | Villager (Male) |
| 8:38 | Crear | Villager (Male) ×5 |
| 10:08 | Investigar | Feudal Age |
| 10:16 | Crear | Villager (Male) |
| 10:16 | Crear | Villager (Male) |
| 10:17 | Investigar | Feudal Age |
| 10:25 | Construir | Mining Camp |
| 10:33 | Investigar | Feudal Age |
| 10:40 | Construir | Farm |
| 10:43 | Construir | Farm |
| 10:47 | Construir | Farm |
| 10:50 | Construir | Farm |
| 10:54 | Construir | Farm |
| 10:57 | Construir | Farm |
| 11:00 | Construir | Farm |
| 11:27 | Crear | Villager (Male) |
| 12:51 | Edad | Edad Feudal |
| 13:24 | Investigar | Double-Bit Axe |
| 13:28 | Investigar | Horse Collar |
| 13:35 | Investigar | Wheelbarrow |
| 13:46 | Construir | Farm |
| 13:46 | Construir | Farm |
| 13:47 | Construir | Farm |
| 13:47 | Construir | Farm |
| 13:48 | Construir | Farm |
| 13:52 | Crear | Villager (Male) |
| 14:08 | Construir | Barracks |
| 14:53 | Construir | Blacksmith |
| 14:57 | Crear | Villager (Male) |
| 14:57 | Crear | Villager (Male) |
| 15:02 | Crear | Villager (Male) ×5 |
| 15:31 | Construir | Farm |
| 15:33 | Crear | Villager (Male) |
| 15:34 | Crear | Villager (Male) |
| 15:34 | Crear | Villager (Male) |
| 15:34 | Crear | Villager (Male) |
| 15:35 | Crear | Villager (Male) |
| 15:35 | Crear | Villager (Male) |
| 15:36 | Crear | Villager (Male) |
| 15:36 | Crear | Villager (Male) |
| 15:53 | Construir | Farm |
| 16:11 | Construir | Stable |
| 16:13 | Construir | House |
| 16:19 | Construir | Farm |
| 16:46 | Construir | Farm |
| 16:51 | Crear | Scout Cavalry |
| 16:52 | Crear | Scout Cavalry |
| 16:52 | Crear | Scout Cavalry |
| 16:52 | Crear | Scout Cavalry |
| 16:52 | Crear | Scout Cavalry |
| 16:53 | Crear | Scout Cavalry |
| 17:05 | Construir | House |
| 17:06 | Construir | House |
| 17:07 | Construir | House |
| 17:11 | Crear | Villager (Male) |
| 17:14 | Construir | Farm |
| 17:42 | Crear | Scout Cavalry |
| 17:45 | Investigar | Scale Barding Armor |
| 17:45 | Investigar | Forging |
| 17:55 | Construir | Mining Camp |
| 18:05 | Construir | Farm |
| 18:12 | Construir | Farm |
| 18:27 | Construir | Farm |
| 19:17 | Construir | Farm |
| 19:31 | Investigar | Gold Mining |
| 19:41 | Construir | Farm |
| 19:54 | Investigar | Bloodlines |
| 19:59 | Investigar | Forging |
| 20:41 | Crear | Scout Cavalry |
| 20:41 | Crear | Scout Cavalry |
| 20:41 | Crear | Scout Cavalry |
| 20:42 | Crear | Scout Cavalry |
| 20:42 | Crear | Scout Cavalry |
| 20:42 | Crear | Scout Cavalry |
| 21:08 | Crear | Scout Cavalry |
| 21:09 | Crear | Scout Cavalry |
| 21:30 | Crear | Scout Cavalry |
| 21:30 | Crear | Scout Cavalry |
| 22:34 | Investigar | Castle Age |
| 23:56 | Construir | House |
| 23:57 | Construir | House |
| 23:57 | Construir | House |
| 23:57 | Construir | House |
| 23:57 | Construir | House |
| 23:58 | Construir | House |
| 23:58 | Construir | House |
| 23:58 | Construir | House |
| 25:14 | Edad | Edad de los Castillos |
| 25:31 | Investigar | Light Cavalry (upgrade) |
| 25:33 | Investigar | Husbandry |
| 25:35 | Investigar | Iron Casting |
| 25:36 | Investigar | Chain Barding Armor |
| 27:01 | Construir | House |
| 27:01 | Construir | House |
| 27:02 | Construir | House |
| 27:14 | Construir | Castle |
| 28:58 | Crear | Knight |
| 28:58 | Crear | Knight |
| 28:58 | Crear | Knight |
| 28:59 | Crear | Knight |
| 28:59 | Crear | Knight |
| 28:59 | Crear | Knight |
Cronología de la partida
| 5:04 | twitch.tv/madzeragaming · resign |
| 5:45 | Blyad _Mann · wall_segment Palisade Wall x26 |
| 9:06 | Arsenaltvs · age_up feudal |
| 9:13 | Joy&SalvationInChrist · age_up feudal |
| 9:35 | Arsenaltvs · first_building Barracks |
| 9:39 | Blyad _Mann · first_building Barracks |
| 10:52 | Joy&SalvationInChrist · first_market_sell 100 stone |
| 10:54 | Joy&SalvationInChrist · first_market_buy 100 wood |
| 12:12 | KOMMEPCAHT · age_up feudal |
| 12:51 | Sniper_Wolf · age_up feudal |
| 14:08 | Sniper_Wolf · first_building Barracks |
| 14:21 | Joy&SalvationInChrist · age_up castle |
| 15:27 | KOMMEPCAHT · first_market_sell 100 food |
| 15:28 | KOMMEPCAHT · first_market_buy 100 wood |
| 15:54 | Blyad _Mann · age_up feudal |
| 15:59 | Joy&SalvationInChrist · first_building Barracks |
| 16:11 | Sniper_Wolf · first_building Stable |
| 16:44 | Arsenaltvs · first_market_buy 100 wood |
| 16:50 | Joy&SalvationInChrist · first_building Stable |
| 20:54 | Arsenaltvs · age_up castle |
| 24:18 | Arsenaltvs · first_building Castle |
| 25:14 | Sniper_Wolf · age_up castle |
| 27:14 | Sniper_Wolf · first_building Castle |
| 28:40 | KOMMEPCAHT · age_up castle |
| 29:13 | KOMMEPCAHT · first_building Castle |
[ ANÁLISIS IA · 1 CRÉDITO ]
¿Qué pasó realmente en esta partida?
Wolo.gg analiza cada decisión: build order, eco, micro, errores típicos por bracket. Análisis personalizado por WhatsApp o Discord en 30 segundos.
Guía civ
Portugueses
Guía mapa
Amazon Tunnel
Perfil
Jugador #4416601